Map: Dusk Towers

Players

PtitDrogo

  • Race: Protoss Protoss
  • League: Grandmaster

lIlIlIlIlIlI - Winner!

  • Race: Protoss Protoss
  • League: Grandmaster

VOD

Have the link to the VOD?

Description

Time

  • Played on: March 14, 2016, 3:57 p.m.
  • Length: 14:25
Show
View Real Time Build Order
Export as new Build Order

PtitDrogo Protoss 

Build Orders: 1 Gate Expand, Oracle Opening 

Get SALT Encoding   

  12  0:01  Probe (Chrono Boost)  
  13  0:11  Probe (Chrono Boost)  
  14  0:17  Pylon  
  14  0:22  Probe (Chrono Boost)  
  15  0:35  Probe (Chrono Boost)  
  16  0:37  Gateway  
  16  0:43  Assimilator  
  16  0:45  Probe (Chrono Boost)  
  17  0:56  Probe (Chrono Boost)  
  18  1:06  Probe (Chrono Boost)  
  19  1:18  Nexus  
  19  1:22  Probe (Chrono Boost)  
  20  1:30  Cybernetics Core  
  20  1:34  Probe (Chrono Boost)  
  20  1:38  Assimilator  
  21  1:44  Probe (Chrono Boost)  
  22  1:48  Pylon  
  22  1:55  Probe (Chrono Boost)  
  23  2:06  Probe (Chrono Boost)  
  23  2:07  Adept (Chrono Boost)  
  26  2:16  Stargate  
  26  2:18  Probe  
  27  2:28  Probe  
  26  2:30  Probe  
  26  2:32  Adept (Chrono Boost)  
  26  2:34  Warp Gate  
  30  2:39  Probe  
  30  2:42  Probe  
  32  2:49  Probe, Assimilator  
  33  2:54  Probe  
  33  2:58  Adept (Chrono Boost)  
  36  3:00  Probe  
  36  3:04  Oracle (Chrono Boost)  
  40  3:06  Probe  
  40  3:12  Probe  
  41  3:18  Pylon, Probe  
  41  3:24  Robotics Facility  
  41  3:25  Probe  
  42  3:30  Probe (Chrono Boost)  
  43  3:35  Pylon  
  43  3:37  Probe (Chrono Boost)  
  44  3:43  Mothership Core (Chrono Boost)  
  44  3:48  Probe (Chrono Boost)  
  47  3:58  Probe (Chrono Boost)  
  47  4:01  Probe (Chrono Boost)  
  49  4:09  Probe (Chrono Boost)  
  46  4:10  Immortal  
  46  4:11  Probe (Chrono Boost)  
  46  4:16  Oracle (Chrono Boost)  
  51  4:19  Probe, Gateway  
  51  4:21  Assimilator  
  52  4:25  Gateway  
  52  4:27  Probe  
  53  4:31  Probe  
  53  4:32  Pylon  
  53  4:37  Sentry  
  56  4:42  Probe  
  56  4:44  Probe, Immortal  
  58  4:49  Pylon  
  66  4:53  Void Ray (Chrono Boost)  
  66  4:55  Pylon  
  66  4:59  Probe x2  
  68  5:11  Nexus  
  68  5:16  Probe  
  69  5:23  Pylon, Observer  
  69  5:27  Probe  
  69  5:28  Pylon, Probe  
  72  5:31  Pylon  
  72  5:37  Void Ray (Chrono Boost)  
  72  5:39  Probe  
  72  5:40  Probe  
  78  5:45  Immortal  
  82  5:51  Probe  
  82  5:52  Probe  
  82  5:54  Stargate  
  84  5:57  Stargate  
  84  6:03  Probe  
  85  6:04  Probe  
  85  6:09  Pylon  
  85  6:10  Protoss Air Weapons Level 1 (Chrono Boost)  
  86  6:15  Probe  
  86  6:16  Probe  
  88  6:22  Probe  
  89  6:26  Assimilator  
  89  6:27  Probe  
  89  6:28  Probe  
  89  6:30  Assimilator  
  89  6:32  Probe  
  91  6:36  Pylon, Forge  
  91  6:39  Probe  
  93  6:40  Probe  
  93  6:41  Void Ray (Chrono Boost)  
  93  6:43  Void Ray (Chrono Boost)  
  93  6:45  Void Ray (Chrono Boost)  
  106  6:55  Fleet Beacon  
  106  7:02  Pylon  
  106  7:14  Photon Cannon  
  106  7:17  Photon Cannon x2  
  106  7:18  Photon Cannon  
  106  7:26  Carrier  
  106  7:30  Carrier  
  106  7:36  Pylon  
  106  7:37  Carrier  
  124  8:00  Photon Cannon  
  124  8:02  Photon Cannon  
  124  8:06  Protoss Air Weapons Level 2 (Chrono Boost)  
  124  8:08  Nexus  
  124  8:10  Pylon  
  124  8:12  Pylon  
  124  8:15  Pylon  
  124  8:19  Graviton Catapult  
  124  8:27  Pylon  
  124  8:28  Protoss Shields Level 1  
  124  8:34  Assimilator  
  124  8:39  Assimilator  
  124  8:41  Carrier  
  124  8:45  Carrier  
  136  9:10  Carrier  
  136  9:14  Stargate  
  139  9:35  Stargate  
  139  9:37  Stargate  
  139  9:48  Photon Cannon  
  139  9:52  Photon Cannon x2  
  139  9:53  Photon Cannon  
  139  9:55  Carrier, Photon Cannon  
  139  9:58  Pylon  
  139  10:00  Carrier, Photon Cannon  
  139  10:02  Carrier  
  145  10:09  Protoss Air Weapons Level 3 (Chrono Boost)  
  157  10:24  Carrier  
  163  10:41  Nexus  
  163  10:43  Pylon  
  163  10:46  Carrier  
  163  10:48  Carrier  
  174  11:21  Nexus, Carrier  
  174  11:24  Photon Cannon  
  174  11:25  Photon Cannon x2  
  174  11:37  Twilight Council  
  180  11:41  Oracle  
  180  11:42  Zealot x2  
  158  12:14  Carrier  
  145  13:00  Templar Archives  
Show
View Real Time Build Order
Export as new Build Order

lIlIlIlIlIlI Protoss - Winner!

Build Orders: Nexus First 

Get SALT Encoding   

  12  0:02  Probe (Chrono Boost)  
  13  0:12  Probe (Chrono Boost)  
  14  0:17  Pylon  
  14  0:23  Probe (Chrono Boost)  
  15  0:36  Probe (Chrono Boost)  
  16  0:46  Probe (Chrono Boost)  
  17  0:57  Nexus  
  18  1:09  Gateway  
  18  1:11  Probe (Chrono Boost)  
  18  1:21  Probe (Chrono Boost)  
  18  1:23  Assimilator  
  19  1:28  Assimilator  
  19  1:32  Probe (Chrono Boost)  
  20  1:37  Gateway  
  20  1:43  Probe (Chrono Boost)  
  21  1:53  Probe (Chrono Boost)  
  22  1:56  Cybernetics Core  
  22  2:04  Probe (Chrono Boost)  
  23  2:10  Probe (Chrono Boost)  
  23  2:14  Probe (Chrono Boost)  
  25  2:20  Probe (Chrono Boost)  
  26  2:25  Probe (Chrono Boost)  
  27  2:30  Probe (Chrono Boost)  
  27  2:34  Stalker (Chrono Boost)  
  27  2:35  Stalker (Chrono Boost)  
  33  2:37  Mothership Core  
  33  2:41  Warp Gate  
  34  2:45  Pylon  
  34  2:49  Probe (Chrono Boost)  
  35  2:59  Probe (Chrono Boost)  
  35  3:01  Probe (Chrono Boost)  
  37  3:05  Stalker  
  37  3:06  Stalker  
  37  3:10  Probe (Chrono Boost)  
  41  3:13  Probe (Chrono Boost)  
  40  3:20  Pylon  
  40  3:21  Probe (Chrono Boost)  
  40  3:23  Probe (Chrono Boost)  
  42  3:31  Probe (Chrono Boost)  
  42  3:34  Probe (Chrono Boost)  
  44  3:36  Stalker  
  44  3:38  Stalker  
  48  3:43  Probe (Chrono Boost)  
  48  3:45  Probe (Chrono Boost)  
  50  3:52  Robotics Facility  
  50  3:53  Probe (Chrono Boost)  
  51  4:00  Pylon, Probe (Chrono Boost)  
  51  4:04  Probe (Chrono Boost)  
  45  4:10  Probe (Chrono Boost)  
  45  4:15  Probe (Chrono Boost)  
  47  4:21  Probe (Chrono Boost)  
  48  4:25  Probe (Chrono Boost)  
  49  4:31  Probe (Chrono Boost)  
  49  4:36  Probe (Chrono Boost)  
  51  4:39  Observer  
  51  4:42  Probe (Chrono Boost), Twilight Council  
  53  4:46  Probe (Chrono Boost)  
  53  4:51  Assimilator  
  55  4:53  Probe (Chrono Boost)  
  55  4:54  Sentry  
  55  4:57  Probe (Chrono Boost)  
  55  4:58  Pylon  
  58  5:03  Probe (Chrono Boost)  
  59  5:07  Probe (Chrono Boost)  
  59  5:09  Nexus  
  59  5:14  Probe (Chrono Boost)  
  61  5:18  Probe (Chrono Boost)  
  60  5:23  Probe (Chrono Boost)  
  60  5:26  Assimilator  
  60  5:27  Blink (Chrono Boost)  
  61  5:28  Probe  
  61  5:33  Probe  
  63  5:40  Pylon, Probe  
  64  5:43  Probe, Sentry  
  64  5:46  Forge  
  67  5:52  Probe  
  67  5:53  Gateway  
  67  5:54  Probe  
  69  6:04  Probe  
  69  6:05  Pylon, Probe  
  69  6:10  Stalker x2  
  75  6:14  Assimilator  
  75  6:15  Probe  
  75  6:17  Probe  
  77  6:19  Assimilator  
  77  6:20  Probe  
  78  6:26  Probe  
  78  6:29  Probe  
  78  6:30  Protoss Ground Weapons Level 1  
  78  6:31  Probe  
  80  6:33  Stalker x2  
  80  6:37  Probe  
  86  6:41  Probe x2  
  86  6:46  Stargate  
  88  6:47  Probe, Stargate  
  88  6:52  Probe  
  88  6:53  Probe  
  91  6:56  Stargate  
  91  6:58  Pylon, Probe  
  92  7:03  Probe  
  92  7:05  Probe  
  94  7:08  Probe  
  94  7:13  Probe  
  96  7:19  Nexus  
  96  7:20  Probe  
  96  7:22  Pylon, Protoss Air Weapons Level 1  
  97  7:26  Pylon  
  97  7:30  Void Ray x2 (Chrono Boost)  
  105  7:41  Void Ray (Chrono Boost), Probe x3  
  112  7:58  Pylon  
  112  8:02  Assimilator  
  112  8:05  Photon Cannon  
  112  8:06  Pylon  
  112  8:08  Void Ray x2 (Chrono Boost), Assimilator  
  120  8:14  Pylon  
  120  8:15  Fleet Beacon  
  120  8:19  Void Ray (Chrono Boost), Photon Cannon  
  125  8:27  Probe x2  
  125  8:32  Photon Cannon  
  126  8:44  Protoss Shields Level 1  
  126  8:47  Pylon  
  126  9:00  Carrier x3 (Chrono Boost)  
  150  9:13  Graviton Catapult  
  150  9:14  Pylon  
  150  9:16  Pylon  
  150  9:17  Pylon  
  150  9:21  Protoss Air Weapons Level 2  
  150  9:30  Photon Cannon  
  150  9:32  Photon Cannon  
  150  9:35  Photon Cannon  
  150  9:36  Photon Cannon  
  150  9:38  Photon Cannon  
  150  9:39  Photon Cannon  
  150  9:55  Stargate  
  150  10:11  Nexus  
  168  10:14  Carrier x2 (Chrono Boost)  
  168  10:15  Carrier (Chrono Boost)  
  164  10:24  Observer  
  164  10:26  Pylon  
  165  10:30  Pylon  
  165  10:39  Assimilator  
  165  10:41  Protoss Shields Level 2  
  171  10:43  Assimilator  
  171  10:52  Carrier (Chrono Boost)  
  167  11:08  Photon Cannon  
  167  11:12  Photon Cannon  
  167  11:27  Cybernetics Core  
  167  11:29  Carrier x3 (Chrono Boost)  
  177  11:52  Photon Cannon  
  163  12:18  Carrier (Chrono Boost)  
  163  12:19  Mothership Core  
  165  12:25  Assimilator  
  165  12:28  Protoss Air Armor Level 1  
  165  12:43  Carrier x2 (Chrono Boost)  
  175  12:53  Carrier (Chrono Boost)  
Tags
 
Add a new tag
Caveats
  • Supply blocks, unpowered buildings, or Contaminate may cause inaccurate times.
  • Supply counts are checked every 10 seconds.